Map: Hard Lead LE

Players

Grazx

  • Race: Terran Terran
  • Spawn Location: 5:00

SubN - Winner!

  • Race: Zerg Zerg
  • League: Diamond
  • Spawn Location: 11:00

VOD

Have the link to the VOD?

Description

Time

  • Played on: Dec. 30, 2023, 7:55 p.m.
  • Length: 14:59
Show
View Real Time Build Order
Export as new Build Order

Grazx Terran 

Build Orders: Banshee Rush 

Get SALT Encoding   

  12  0:01  SCV  
  13  0:17  Supply Depot  
  13  0:18  SCV  
  14  0:30  SCV  
  15  0:40  Barracks  
  15  0:44  Supply Depot  
  15  0:48  SCV  
  16  0:55  Refinery  
  16  1:00  SCV  
  17  1:06  Refinery  
  17  1:12  SCV  
  18  1:27  Orbital Command  
  18  1:34  Marine  
  19  1:48  Factory  
  19  1:52  Marine  
  21  1:54  SCV  
  21  2:06  SCV  
  22  2:13  Marine  
  23  2:18  SCV  
  24  2:33  Factory Tech Lab  
  24  2:34  Starport  
  24  2:38  Starport  
  24  2:41  Marine  
  25  2:46  Supply Depot  
  25  2:47  SCV  
  26  2:59  SCV  
  26  3:02  Factory Tech Lab  
  27  3:11  SCV  
  28  3:18  Supply Depot  
  28  3:23  Cloaking Field  
  28  3:27  Banshee  
  28  3:31  Viking  
  33  3:37  Marine  
  34  3:58  SCV  
  34  4:01  Banshee  
  38  4:05  Command Center  
  38  4:18  Banshee  
  41  4:24  Refinery  
  40  4:42  Marine  
  40  4:44  Banshee  
  44  5:00  Marine  
  45  5:17  Banshee  
  45  5:18  Marine  
  49  5:30  Banshee  
  49  5:33  Hyperflight Rotors  
  52  5:36  Marine  
  53  5:59  Banshee, Armory  
  56  6:06  SCV  
  56  6:07  Orbital Command  
  56  6:10  Refinery  
  57  6:18  SCV  
  58  6:22  Banshee  
  61  6:39  Refinery  
  61  6:59  Terran Ship Weapons Level 1  
  61  7:04  SCV  
  62  7:11  Bunker  
  62  7:17  Bunker  
  62  7:24  Marine  
  62  7:25  Supply Depot, SCV  
  62  7:27  Supply Depot  
  64  7:30  Banshee x2  
  70  7:46  Marine  
  71  8:04  Marine  
  72  8:13  Banshee x2  
  78  8:22  Supply Depot x2, Marine  
  79  8:40  Marine  
  80  8:58  Marine  
  81  9:16  Marine  
  82  9:33  Marine  
  66  10:09  Banshee x2  
  68  10:51  Banshee  
  68  10:52  Banshee  
  72  11:04  Fusion Core  
  72  11:10  Starport  
  72  11:12  Starport  
  72  11:31  Marine  
  73  11:34  Banshee x2  
  73  11:36  Supply Depot  
  73  11:38  Supply Depot  
  73  11:39  SCV  
  80  11:40  SCV  
  81  11:48  Viking, Marine  
  81  11:49  Viking  
  81  11:51  SCV  
  81  11:52  SCV  
  88  12:00  Supply Depot  
  88  12:03  SCV  
  88  12:04  SCV  
  88  12:06  Marine  
  91  12:15  SCV  
  91  12:16  SCV  
  91  12:17  Banshee x2  
  91  12:18  Viking  
  101  12:24  Marine  
  101  12:26  Starport Tech Lab  
  101  12:28  SCV x2  
  104  12:34  Weapon Refit  
  104  12:38  Terran Ship Weapons Level 2  
  104  12:42  Marine  
  105  13:00  Battlecruiser  
  101  13:32  Battlecruiser x2  
  78  14:17  Starport Tech Lab  
  78  14:24  Marine  
Show
View Real Time Build Order
Export as new Build Order

SubN Zerg - Winner!

Build Orders: Pool First 

Get SALT Encoding   

  12  0:00  Drone  
  13  0:12  Overlord  
  13  0:17  Drone  
  14  0:30  Drone x2  
  16  0:38  Drone  
  16  0:41  Extractor  
  16  0:45  Drone  
  17  0:50  Spawning Pool  
  17  0:55  Drone  
  17  1:06  Drone  
  18  1:22  Drone  
  19  1:26  Hatchery  
  19  1:32  Overlord  
  18  1:43  Queen  
  20  1:50  Metabolic Boost  
  20  1:52  Zergling x2  
  21  1:55  Zergling x2  
  21  2:00  Drone  
  23  2:19  Queen  
  25  2:28  Hatchery  
  24  2:35  Drone x2  
  26  2:43  Queen  
  28  2:48  Drone  
  28  2:50  Drone  
  30  3:05  Lair  
  30  3:08  Drone x3  
  30  3:12  Overlord  
  33  3:17  Overlord  
  33  3:35  Drone x2  
  33  3:36  Drone x5  
  33  3:40  Queen  
  42  3:49  Drone  
  42  3:50  Spore Crawler  
  42  3:54  Spore Crawler  
  41  3:57  Spore Crawler  
  41  4:02  Drone x4  
  44  4:05  Drone  
  44  4:06  Drone, Extractor  
  45  4:16  Drone x2  
  47  4:21  Extractor  
  45  4:37  Overlord x4  
  45  4:46  Baneling Nest  
  45  4:48  Roach Warren  
  43  4:54  Queen x2  
  43  4:55  Queen  
  43  4:57  Drone x3  
  51  5:12  Drone  
  52  5:18  Overseer  
  52  5:21  Zergling x18  
  53  5:28  Drone  
  62  5:34  Queen  
  62  5:35  Overlord x3  
  64  5:45  Centrifugal Hooks, Glial Reconstitution  
  64  5:53  Queen  
  64  5:56  Drone x6  
  72  6:00  Drone  
  72  6:01  Extractor  
  72  6:07  Drone  
  72  6:08  Evolution Chamber  
  72  6:09  Evolution Chamber  
  72  6:11  Drone x2  
  73  6:15  Drone x2  
  73  6:17  Drone  
  76  6:19  Drone  
  77  6:27  Drone x3  
  77  6:28  Drone x2  
  77  6:32  Baneling x6  
  82  6:35  Zerg Missile Weapons Level 1  
  82  6:44  Drone x6  
  88  6:52  Zerg Ground Armor Level 1  
  88  7:11  Drone  
  88  7:12  Drone, Extractor  
  88  7:13  Extractor  
  88  7:14  Drone, Overlord x2  
  88  7:15  Overlord  
  89  7:16  Hatchery  
  89  7:17  Queen, Spore Crawler  
  89  7:18  Overseer  
  89  7:19  Overseer  
  89  7:21  Pneumatized Carapace  
  89  7:26  Overlord x3  
  89  7:30  Overseer  
  89  7:33  Drone x3  
  92  7:47  Roach x4  
  92  7:48  Roach x6  
  92  7:50  Overlord  
  112  7:52  Overlord  
  112  8:00  Drone x5  
  112  8:03  Zergling x2  
  118  8:08  Baneling x6  
  118  8:10  Zergling x2  
  118  8:11  Zergling x2  
  120  8:20  Drone x5  
  125  8:32  Extractor  
  124  8:34  Overlord  
  124  8:35  Overlord x3, Roach x5  
  124  8:38  Extractor  
  123  8:45  Hydralisk Den  
  123  8:46  Roach  
  123  8:47  Roach x10  
  144  8:49  Ravager x6  
  144  8:50  Ravager  
  130  9:01  Zerg Missile Weapons Level 2  
  130  9:02  Zerg Ground Armor Level 2  
  113  9:04  Queen  
  113  9:05  Drone x3  
  113  9:06  Drone x3  
  121  9:11  Overlord  
  121  9:12  Overlord x4  
  119  9:17  Hydralisk  
  119  9:18  Hydralisk x2  
  125  9:26  Hydralisk x2  
  125  9:27  Hydralisk  
  129  9:44  Drone x3  
  129  9:46  Roach  
  129  9:47  Roach x5  
  132  9:57  Drone x3  
  123  10:25  Hatchery, Lair  
  123  10:26  Drone x2  
  107  10:45  Ravager  
  107  10:46  Ravager x9  
  114  10:51  Drone x2  
  114  10:52  Drone  
  114  10:55  Drone x3, Extractor  
  114  10:56  Drone x6  
  125  10:58  Drone  
  125  11:01  Drone x3  
  125  11:03  Drone x2  
  131  11:04  Drone  
  131  11:11  Queen  
  134  11:19  Queen  
  134  11:23  Drone  
  137  11:30  Hydralisk Den  
  137  11:32  Spore Crawler  
  135  11:35  Zergling x24  
  147  11:46  Drone x3  
  150  11:49  Queen  
  152  11:55  Zerg Melee Weapons Level 1, Infestation Pit  
  151  12:01  Hydralisk x2  
  151  12:02  Hydralisk x9  
  151  12:04  Muscular Augments  
  173  12:11  Overseer x3  
  173  12:12  Overseer x2  
  173  12:15  Spore Crawler  
  172  12:17  Baneling  
  172  12:18  Baneling x23  
  172  12:23  Hatchery  
  172  12:26  Hydralisk  
  172  12:27  Hydralisk x4, Extractor  
  180  12:35  Zergling x24  
  192  12:56  Drone x3  
  189  12:59  Extractor  
  180  13:08  Grooved Spines  
  179  13:19  Hydralisk  
  168  13:20  Hydralisk x13  
  192  13:30  Hydralisk  
  192  13:31  Hydralisk  
  181  13:45  Hydralisk  
  181  13:46  Hydralisk x8  
  175  13:57  Overseer x3  
  175  13:58  Overseer x2  
  175  14:09  Drone x3  
  178  14:10  Queen  
  178  14:11  Drone x2  
Tags
 
League
Diamond
Matchup
TvZ
Opening
Pool First
Replay Pack
2025 replay dump
Spawn Locations
Cross Positions
Strategy
Banshee Rush
Add a new tag
Caveats
  • Supply blocks, unpowered buildings, or Contaminate may cause inaccurate times.
  • Supply counts are checked every 10 seconds.